cohdb
Replays
Latest Replays
All Replays
Popular Replays
Top Player Replays
Match Explorer
How It Works
Community
CoH3 Stats
Reddit
Sign in to upload your games and track your stats! →
Sign in with Steam
Match 38621819
Unlisted
Match 38621819
Overview
Messages
Build Orders
End
Kettenkrad Recon Vehicle
Construct Infanterie Kompanie
Grenadier Squad
Grenadier Squad
Grenadier Squad
Grenadier Squad
Infanterie Officer Quarters
Construct Luftwaffe Kompanie
MG 42 Machine Gun Team
Jäger Squad
221 Scout Car
Selects Mechanized Battlegroup
Selects Raid Package
Support Elements
Selects StuG Assault Group
StuG Assault Group
Marder III M Tank Destroyer
Luftwaffe Officer Quarters
只愛❤毛妹
d5h912
0
0
Comments
sign in to comment!
No comments posted yet!